 Dungeon Crawl Stone Soup version 0.27-a0-1281-ge233d83751 (webtiles) character file.

Game seed: 11013054606147390763

3233 BlueGoblin the Cleaver (level 9, -14/81 HPs)
             Began as a Minotaur Fighter on June 14, 2021.
             Was a Believer of Cheibriados.
             Demolished by a two-headed ogre (23 damage)
             ... on level 8 of the Dungeon.
             The game lasted 00:18:51 (10042 turns).

BlueGoblin the Cleaver (Minotaur Fighter)          Turns: 10042, Time: 00:18:51

Health: -14/81     AC: 16    Str: 26    XL:     9   Next: 66%
Magic:  0/17       EV:  8    Int: 11    God:    Cheibriados [**....]
Gold:   343        SH:  0    Dex: 14    Spells: 8/8 levels left

rFire    . . .     SeeInvis .   a - +1 war axe
rCold    . . .     Faith    .   c - +0 kite shield
rNeg     . . .     Spirit   +   v - +0 chain mail
rPois    .         Reflect  .   (helmet restricted)
rElec    .         Harm     .   m - +0 cloak
rCorr    .         Rampage  .   (no gloves)
Will     .....                  (no boots)
Stlth    ..........             w - amulet of guardian spirit
HPRegen  0.23/turn              q - ring of magical power
MPRegen  0.15/turn              n - +4 ring of protection

@: confused, ambrosia-drunk, very slow
A: horns 2, retaliatory headbutt, clever 1, weak 1, subdued magic 1
a: Renounce Religion, Bend Time


You were on level 8 of the Dungeon.
You worshipped Cheibriados.
Cheibriados was pleased with you.
You visited 2 branches of the dungeon, and saw 9 of its levels.
You also visited: Sewer.

You collected 343 gold pieces.

Inventory:

Hand Weapons
 a - a +1 war axe (weapon)
 e - a +0 war axe
Missiles
 y - a curare-tipped dart (quivered)
Armour
 b - a +0 scale mail
 c - a +0 kite shield (worn)
 m - a +0 cloak (worn)
 v - a +0 chain mail (worn)
Jewellery
 h - a ring of flight
 n - a +4 ring of protection (right hand)
 q - a ring of magical power (left hand)
 w - an amulet of guardian spirit (around neck)
 B - a ring of magical power
Wands
 s - a wand of digging (6)
 t - a wand of flame (17)
 x - a wand of charming (10)
 A - a wand of paralysis (10)
Scrolls
 f - 7 scrolls of teleportation
 i - a scroll of amnesia
 j - a scroll of vulnerability
 k - 5 scrolls of identify
 o - a scroll of noise {unknown}
Potions
 d - a potion of might
 g - 3 potions of flight
 l - 6 potions of curing
 p - a potion of magic
 r - a potion of ambrosia
 u - a potion of lignification
 z - a potion of haste
 C - a potion of attraction {unknown}


   Skills:
 + Level 8.0 Fighting
 + Level 10.0 Axes
 + Level 8.1 Armour
 + Level 3.8 Dodging
 + Level 0.7 Stealth
 + Level 7.8 Shields


You had 8 spell levels left.
You didn't know any spells.
Your spell library contained the following spells:

 Spells                   Type           Power      Damage    Failure   Level
 Corona                   Hex            0%         N/A       99%         1
 Sting                    Tmut/Pois      0%         1d3       99%         1
 Ensorcelled Hibernation  Hex/Ice        0%         N/A       100%        2
 Poisonous Vapours        Pois/Air       0%         N/A       100%        2
 Confusing Touch          Hex            0%         N/A       100%        3
 Dazzling Flash           Conj/Hex       0%         N/A       100%        3
 Ignite Poison            Fire/Tmut/Pois 0%         N/A       100%        3
 Mephitic Cloud           Conj/Pois/Air  0%         N/A       100%        3
 Tukima's Dance           Hex            0%         N/A       100%        3
 Olgreb's Toxic Radiance  Pois           0%         N/A       100%        4


Dungeon Overview and Level Annotations

Branches:
Dungeon (8/15)             Temple (1/1) D:5           Sewer (visited)
   Lair: D:8-11

Altars:
Ashenzari
Cheibriados
Dithmenos
Elyvilon
Fedhas
Gozag
Hepliaklqana
Kikubaaqudgha
Makhleb
Nemelex Xobeh
Okawaru
Qazlal
Ru
Sif Muna
Trog
Uskayaw
Vehumet
Wu Jian
Xom
Yredelemnul
Zin
The Shining One
Beogh

Shops:
D:3 =


Innate Abilities, Weirdness & Mutations

You have a pair of horns on your head.
You reflexively headbutt those who attack you in melee.
Your mind is acute. (Int +2)
You are weak. (Str -2)
Your spells are a little easier to cast, but a little less powerful.


Message History

You barely miss the two-headed ogre.
The two-headed ogre is moderately wounded.
You block the centaur's attack. x2
The two-headed ogre hits you with a +0 giant spiked club!
The two-headed ogre completely misses you.
You slash the two-headed ogre!
The two-headed ogre is heavily wounded.
You barely miss the centaur. The centaur barely misses you.
You furiously retaliate!
You headbutt the centaur! You block the centaur's attack.
The centaur barely misses you. You block the centaur's attack.
A howler monkey zombie comes into view.
The two-headed ogre closely misses you.
The two-headed ogre hits you with a +0 giant club.
You barely miss the two-headed ogre.
Your headbutt misses the two-headed ogre.
The two-headed ogre is heavily wounded.
You slash the centaur! The centaur barely misses you.
You block the centaur's attack.
The two-headed ogre hits you with a +0 giant spiked club!
You block the two-headed ogre's attack.
The centaur hits you but does no damage.
The centaur kicks you but does no damage.
You slice the two-headed ogre!!
The two-headed ogre is severely wounded.
You slash the centaur!
You kill the centaur!
Cheibriados appreciates the change of pace.
Your Fighting skill increases to level 8!
Your Axes skill increases to level 10!
You hit the two-headed ogre.
The two-headed ogre is almost dead.
The two-headed ogre hits you with a +0 giant spiked club!
* * * LOW HITPOINT WARNING * * *
The two-headed ogre hits you with a +0 giant club!
* * * LOW HITPOINT WARNING * * *
You are confused.
You feel invigorated.
The two-headed ogre hits you with a +0 giant spiked club!!
You die...

...# .....# ......#
.. .....###### ...
.........#
....####........#
................+
.....ZO@........#
##....).........#
#..............#
#......###'#####
#......# #..# #.#
#......# ##.# #.#
#......# #.#####.#
###########.......#
##+
#..............#
#..


You could see a two-headed ogre and a howler monkey zombie.

Vanquished Creatures
  Pikel (D:4)
  Sigmund (D:4)
  Menkaure (D:4)
  Edmund (D:6)
  3 orc warriors
  2 sky beasts (D:7)
  2 ogres
  A necrophage (D:6)
  2 centaurs
  A lemure (D:4)
  2 kobold brigands
  A gnoll sergeant (D:5)
  A wyvern zombie (D:5)
  4 killer bees (D:7)
  2 centaur zombies
  2 hounds (D:5)
  A bullfrog zombie (D:6)
  2 centaur skeletons (D:7)
  Crazy Yiuf (D:2)
  6 orc priests
  A jelly (D:5)
  Terence (D:2)
  A gnoll shaman (D:4)
  3 iguanas
  6 orc wizards
  16 gnolls
  7 adders
  3 river rats
  An ufetubus (D:5)
  2 worms
  2 dart slugs
  24 orcs
  3 ball pythons
  3 endoplasms
  5 giant cockroaches
  5 goblins
  3 hobgoblins
  8 jackals
  18 kobolds
  6 quokkas
  3 bats
  4 frilled lizards
  10 rats
172 creatures vanquished.

Vanquished Creatures (others)
  3 plants (D:7)
3 creatures vanquished.

Grand Total: 175 creatures vanquished

Notes
Turn   | Place    | Note
-------+----------+-------------------------------------------
     0 | D:1      | BlueGoblin the Minotaur Fighter began the quest for the
                  | Orb.
     0 | D:1      | Reached XP level 1. HP: 19/19 MP: 0/0
   200 | D:1      | Reached XP level 2. HP: 23/27 MP: 1/1
   937 | D:1      | Reached XP level 3. HP: 24/33 MP: 2/2
  1144 | D:1      | Found a faded altar of an unknown god.
  1311 | D:2      | Noticed Terence
  1318 | D:2      | Killed Terence
  1605 | D:2      | Reached skill level 3 in Axes
  1613 | D:2      | Reached XP level 4. HP: 25/41 MP: 3/3
  2100 | D:2      | Found a runed translucent door.
  2101 | D:2      | Noticed Crazy Yiuf
  2111 | D:2      | Killed Crazy Yiuf
  2554 | D:3      | Reached XP level 5. HP: 45/47 MP: 4/4
  2700 | D:3      | Reached skill level 4 in Axes
  2804 | D:3      | Reached skill level 1 in Dodging
  2806 | D:3      | Found a glowing drain.
  2810 | Sewer    | Entered a sewer
  2994 | Sewer    | Found a white marble altar of Elyvilon.
  3051 | Sewer    | Gained mutation: You have a pair of large horns on your
                  | head. [potion of mutation]
  3051 | Sewer    | Gained mutation: You sometimes lose the ability to read
                  | scrolls when taking damage. [potion of mutation]
  3356 | Sewer    | Lost mutation: You sometimes lose the ability to read
                  | scrolls when taking damage. [potion of mutation]
  3356 | Sewer    | Lost mutation: You have a pair of large horns on your head.
                  | [potion of mutation]
  3356 | Sewer    | Gained mutation: Your flesh is heat resistant. (rF+)
                  | [potion of mutation]
  3527 | D:3      | Found Valuemol's Jewellery Emporium.
  3656 | D:3      | Reached XP level 6. HP: 35/55 MP: 5/5
  3660 | D:3      | Reached skill level 5 in Armour
  3664 | D:3      | Reached skill level 5 in Shields
  4227 | D:4      | Found a burning altar of Makhleb.
  4229 | D:4      | Reached skill level 5 in Fighting
  4243 | D:4      | Reached skill level 5 in Axes
  4248 | D:4      | Noticed Menkaure
  4674 | D:4      | Killed Menkaure
  4677 | D:4      | Reached XP level 7. HP: 32/61 MP: 6/6
  4929 | D:4      | Lost mutation: Your flesh is heat resistant. (rF+) [potion
                  | of mutation]
  4929 | D:4      | Gained mutation: Your spells are a little easier to cast,
                  | but a little less powerful. [potion of mutation]
  4929 | D:4      | Gained mutation: You are weak. (Str -2) [potion of
                  | mutation]
  4929 | D:4      | Gained mutation: Your mind is acute. (Int +2) [potion of
                  | mutation]
  4956 | D:4      | Noticed Sigmund
  4986 | D:4      | Killed Sigmund
  4987 | D:4      | Reached skill level 6 in Axes
  5218 | D:4      | Noticed Pikel
  5227 | D:4      | Killed Pikel
  5228 | D:4      | Reached skill level 7 in Axes
  5228 | D:4      | Reached XP level 8. HP: 36/70 MP: 7/7
  5621 | D:5      | Entered Level 5 of the Dungeon
  6394 | D:5      | Reached skill level 8 in Axes
  6482 | D:5      | Found a staircase to the Ecumenical Temple.
  6491 | Temple   | Entered the Ecumenical Temple
  6500 | Temple   | Became a worshipper of Cheibriados the Contemplative
  7042 | D:6      | Noticed Edmund
  7062 | D:6      | Killed Edmund
  7715 | D:6      | Reached XP level 9. HP: 79/79 MP: 8/8
  7913 | D:6      | Reached skill level 9 in Axes
  8588 | D:7      | Found a glowing silver altar of Zin.
  8588 | D:7      | Found a blossoming altar of Fedhas.
  8588 | D:7      | Found a hide-covered altar of Uskayaw.
  8592 | D:7      | Reached * piety under Cheibriados
  9124 | D:7      | HP: 4/80 [orc priest/divine providence (7)]
  9133 | D:6      | HP: 3/80 [orc warrior (11)]
  9394 | D:7      | Reached ** piety under Cheibriados
 10032 | D:8      | Noticed a two-headed ogre
 10041 | D:8      | Reached skill level 10 in Axes
 10042 | D:8      | Demolished by a two-headed ogre

Illustrated notes

Levels and vault maps discovered:
D:1:      tarquinn_simple_flora_water_a, layout_basic,
          hellmonk_ecumenical_altar_inner_sanctum, serial_forest,
          infiniplex_forest_straight_5, infiniplex_forest_lined_3_way,
          infiniplex_forest_clump_tiny, infiniplex_forest_clump_double,
          infiniplex_forest_lined_room_3, chequers_big_river
D:2:      layout_rooms, kennysheep_another_room, uniq_crazy_yiuf_cottage,
          uniq_terence
D:3:      layout_loops_ring, serial_shops, shop, gup_sewer_entry_spiral,
          grunt_ministairs_15, ebering_dispersal_statue_hall,
          kennysheep_orc_chapel
D:4:      layout_rooms, bloody_makhleb, uniq_sigmund, uniq_menkaure, uniq_pikel
D:5:      layout_basic, minmay_temple_entry_slanted
D:6:      layout_basic, uniq_edmund
D:7:      layout_cave_pods, gammafunk_temple_overflow_forgotten
D:8:      layout_basic
Temple:   nicolae_temple_no_exploring_needed

Skill      XL: |  1  2  3  4  5  6  7  8  9 |
---------------+----------------------------+-----
Fighting       | 4 5 7 8 |  8.0
Armour         | 4 5 6 7 8 |  8.1
Shields        | 4 5 6 7 |  7.8
Axes           | 3 4 5 7 8 10 | 10.0
Dodging        | 1 2 3 |  3.8
Stealth        | |  0.7

Action                   |  1- 3 |  4- 6 |  7- 9 || total
-------------------------+-------+-------+-------++-------
Melee: War axe           |    64 |   131 |   262 ||   457
       Headbutt          |     9 |    17 |    57 ||    83
  Use: Potion            |       |     4 |     5 ||     9
       Scroll            |       |     2 |     9 ||    11
Armor: Scale mail        |    28 |    41 |    74 ||   143
       Chain mail        |       |       |    94 ||    94
Dodge: Dodged            |    18 |    44 |   103 ||   165
Block: Kite shield       |    30 |    81 |   193 ||   304

Table legend: (Time is in decaauts)
 A = Elapsed time spent in this place.
 B = Non-inter-level travel time spent in this place.
 C = Inter-level travel time spent in this place.
 D = Time resting spent in this place.
 E = Time spent auto-exploring this place.
 F = Levels seen in this place.
 G = Mean time per level.
                   A        B        C        D        E       F      G
               +--------+--------+--------+--------+--------+-----+--------+
         Total |  11008 |  10738 |    270 |   2917 |   6190 |  10 | 1100.8 |
       Dungeon |  10335 |  10065 |    270 |   2617 |   5980 |   8 | 1291.9 |
        Temple |     18 |     18 |      0 |      0 |      0 |   1 |   18.0 |
         Sewer |    655 |    655 |      0 |    300 |    210 |   1 |  655.0 |
               +--------+--------+--------+--------+--------+-----+--------+

Top non-repeatable levels by time:
     D:6: 1880 daAuts
     D:7: 1681 daAuts
     D:3: 1674 daAuts
     D:1: 1345 daAuts
     D:5: 1218 daAuts
     D:4: 1171 daAuts
     D:2: 1146 daAuts
   Sewer: 655 daAuts
     D:8: 215 daAuts
  Temple: 18 daAuts
